 Dungeon Crawl Stone Soup version 0.28.0-47-ge53b351184 (webtiles) character file.

Game seed: 13928440821275519982

335 Eitelfritz the Slasher (level 6, -1/46 HPs)
             Began as a Demonspawn Gladiator on Apr 28, 2022.
             Slain by a gnoll
             ... wielding a +0 halberd
              (15 damage)
             ... on level 3 of the Dungeon.
             The game lasted 00:06:37 (3836 turns).

Eitelfritz the Slasher (Demonspawn Gladiator)       Turns: 3836, Time: 00:06:38

Health: -1/46      AC:  3    Str: 16    XL:     6   Next: 28%
Magic:  6/6        EV: 12    Int: 10    God:
Gold:   75         SH:  0    Dex: 14    Spells: 5/5 levels left

rFire   . . .      SeeInvis .   a - +0 long sword
rCold   . . .      Faith    .   (no shield)
rNeg    . . .      Spirit   .   b - +0 leather armour
rPois   .          Reflect  .   (helmet restricted)
rElec   .          Harm     .   (no cloak)
rCorr   .          Rampage  .   (no gloves)
Will    .....                   (no boots)
Stlth   +.........              (no amulet)
HPRegen 0.15/turn               (no ring)
MPRegen 0.10/turn               (no ring)

@: no status effects
A: hooves 2, horns 1, powered by death 1, demonic touch 1
a: no special abilities


You were on level 3 of the Dungeon.
You visited 1 branch of the dungeon, and saw 3 of its levels.

You collected 75 gold pieces.

Inventory:

Hand Weapons
 a - a +0 long sword (weapon)
Missiles
 d - 2 throwing nets
 j - 3 boomerangs (quivered)
Armour
 b - a +0 leather armour (worn)
 k - a +0 chain mail
Jewellery
 n - a +6 ring of intelligence
Wands
 i - a wand of flame (12)
Scrolls
 e - a scroll of enchant weapon {unknown}
 g - a scroll of immolation {unknown}
 l - a scroll of teleportation {unknown}
 m - a scroll of torment {unknown}
 o - a scroll of identify {unknown}
Potions
 f - 2 potions of degeneration {unknown}
 h - 2 potions of curing {unknown}
 p - a potion of brilliance {unknown}


   Skills:
 + Level 2.9 Fighting
 + Level 4.5 Long Blades
 + Level 2.3 Throwing
 + Level 2.1 Armour
 + Level 3.2 Dodging
 + Level 0.5 Stealth
 * Level 1.7 Unarmed Combat


You had 5 spell levels left.
You didn't know any spells.
Your spell library was empty.

Dungeon Overview and Level Annotations

Branches:
Dungeon (3/15)

Altars:
Elyvilon
Yredelemnul


Innate Abilities, Weirdness & Mutations

You have hoof-like feet.
You have a pair of small horns on your head.
You regenerate a little health from kills.
Your touch may inflict minor irresistible damage on your foes.


Message History

You hear a shout!
The orc barely misses you.
You slash the orc!
You kill the orc!
You hear a splash.
You enter the shallow water.
Moving in this stuff is going to be slow.
You see here a +0 falchion.
The gnoll shouts!
You hear a shout!
An orc comes into view. It is wielding a +0 club.
You enter the shallow water.
Moving in this stuff is going to be slow.
The orc shouts!
Why would you want to do that? The gnoll closely misses you.
The gnoll shouts!
You slash the orc!
You kill the orc!
Things that are here:
a +0 club; an orc corpse The gnoll shouts!
You hear a shout!
You enter the shallow water.
Moving in this stuff is going to be slow.
The gnoll misses you. The gnoll closely misses you.
The gnoll hits you from afar with a +0 halberd.
The gnoll hits you from afar with a +0 halberd.
You see here a +0 halberd.
You see here a +0 club.
You see here a jackal skeleton.
The gnoll hits you from afar with a +0 halberd!
The gnoll hits you but does no damage. The gnoll closely misses you.
The gnoll barely misses you.
You barely miss the gnoll.
You touch the gnoll.
The gnoll is heavily wounded.
The gnoll hits you with a +0 halberd. The gnoll barely misses you.
You hit the gnoll. You kick the gnoll.
You touch the gnoll.
You kill the gnoll!
The gnoll hits you from afar with a +0 halberd!
The gnoll hits you from afar with a +0 halberd!
You die...

...............# #..##..).
....<..........# #.......)
............(..##### ###..#..##
#...............[..# ###.......#8
#..............###)# #.........##
#.............<....# #.#........#
#..................# #.#<...#....
#..............###.# #....######.
#..............g@..# ###.........
..............g##################
...#########....g).g.............
...# #....≈≈≈≈≈≈≈≈≈≈)≈≈≈≈≈≈ ...#
#....≈≈≈≈≈≈≈≈≈≈g≈≈≈≈≈≈ ...#
#....≈≈#####≈≈≈≈≈≈≈≈≈≈ ...#
#....≈≈#...#.....).... ####
#....≈≈#...###########
#...P≈≈###'#


You could see 2 gnolls.

Vanquished Creatures
  A water moccasin (D:3)
  A howler monkey (D:3)
  2 hounds (D:3)
  A hound skeleton (D:2)
  3 gnolls (D:3)
  2 adders (D:2)
  An adder skeleton (D:2)
  A worm (D:2)
  8 orcs (D:3)
  5 endoplasms
  4 giant cockroaches
  4 goblins
  3 hobgoblins
  11 jackals (D:3)
  A quokka (D:2)
  3 ball pythons
  8 bats
  A kobold (D:2)
  5 rats
65 creatures vanquished.

Vanquished Creatures (others)
  A fungus (D:3)
  2 plants (D:3)
3 creatures vanquished.

Grand Total: 68 creatures vanquished

Notes
Turn   | Place    | Note
-------+----------+-------------------------------------------
     0 | D:1      | Eitelfritz the Demonspawn Gladiator began the quest for the
                  | Orb.
     0 | D:1      | Reached XP level 1. HP: 16/16 MP: 1/1
   173 | D:1      | Reached skill level 3 in Long Blades
   313 | D:1      | Discovered your monstrous ancestry.
   313 | D:1      | Gained mutation: You have large cloven feet. [demonic
                  | ancestry]
   313 | D:1      | Reached XP level 2. HP: 12/22 MP: 2/2
   640 | D:1      | Found a faded altar of an unknown god.
  1475 | D:2      | Gained mutation: Your touch may inflict minor irresistible
                  | damage on your foes. [demonic ancestry]
  1475 | D:2      | Reached XP level 3. HP: 27/27 MP: 3/3
  2081 | D:2      | Reached skill level 1 in Armour
  2231 | D:3      | Gained mutation: You have hoof-like feet. [demonic
                  | ancestry]
  2231 | D:3      | Reached XP level 4. HP: 34/34 MP: 4/4
  2719 | D:3      | Noticed a water moccasin
  2741 | D:3      | Killed a water moccasin
  2742 | D:3      | Reached skill level 4 in Long Blades
  2742 | D:3      | Reached skill level 1 in Unarmed Combat
  2742 | D:3      | Gained mutation: You regenerate a little health from kills.
                  | [demonic ancestry]
  2742 | D:3      | Reached XP level 5. HP: 20/40 MP: 5/5
  2976 | D:3      | Found a basalt altar of Yredelemnul.
  3632 | D:3      | Gained mutation: You have a pair of small horns on your
                  | head. [demonic ancestry]
  3632 | D:3      | Reached XP level 6. HP: 33/46 MP: 6/6
  3836 | D:3      | Slain by a gnoll

Illustrated notes

Levels and vault maps discovered:
D:1:      mainiacjoe_arrival_reflecting_pool, layout_loops_corners,
          shapermc_ecumenical_altar_mp_urbaneastern
D:2:      layout_basic
D:3:      lemuel_castle_with_subvaults [lemuel_castle_interior_carwin_2],
          layout_basic, mainiacjoe_overflow_small_starburst,
          general_overflow_altar, grunt_ministairs_8

Skill      XL: |  1  2  3  4  5 |
---------------+----------------+-----
Long Blades    | 3 4 |  4.5
Dodging        | 3 |  3.2
Throwing       | 2 |  2.3
Armour         | 1 2 |  2.1
Unarmed Combat | 1 |  1.7
Fighting       | |  2.9
Stealth        | |  0.5

Action                   |  1- 3 |  4- 6 || total
-------------------------+-------+-------++-------
Melee: Long sword        |    76 |    79 ||   155
       Kick              |    11 |    19 ||    30
       Touch             |     2 |    18 ||    20
       Headbutt          |       |     1 ||     1
Throw: Boomerang         |       |     5 ||     5
       Throwing net      |       |     3 ||     3
 Stab: Sleeping          |     1 |       ||     1
Armor: Leather armour    |    25 |    23 ||    48
Dodge: Dodged            |    43 |    68 ||   111
